 Dungeon Crawl Stone Soup version 0.20-a0-350-ga83eecc (webtiles) character file.

253119 Duffy the Eclecticist (level 19, 114/136 HPs)
             Began as a Deep Elf Conjurer on Dec 23, 2016.
             Was the Champion of Vehumet.
             Quit the game on level 4 of the Spider Nest.
             The game lasted 02:02:26 (48631 turns).

Duffy the Eclecticist (Deep Elf Conjurer)          Turns: 48631, Time: 02:02:27

Health: 114/136    AC: 22    Str:  5    XL:     19   Next: 70%
Magic:  28/45      EV: 24    Int: 39    God:    Vehumet [******]
Gold:   3910       SH: 10    Dex: 17    Spells: 3/58 levels left

rFire  + . .     SeeInvis +     a - staff of conjuration {!a}
rCold  + + .     Gourm    .     l - +2 robe {MR+}
rNeg   . . .     Faith    .     J - +1 buckler {AC+3}
rPois  +         Spirit   .     h - +2 helmet {SInv}
rElec  .         Reflect  .     A - +2 cloak {+Inv}
rCorr  .         Harm     .     U - +2 pair of gloves "Lewk" {rC+}
MR     +....     Clarity  +     B - +2 pair of boots
Stlth  +.........               Y - amulet of magic regeneration
                                k - ring "Kublaah" {Wiz rF+ rC+ MR-}
                                u - +5 ring of intelligence

@: brilliant, contaminated, glowing, deflect missiles, invisible (but backlit
and visible)
A: icy blue scales 1, large bone plates 1, agile 1, clarity, poison resistance,
robust 1
a: Renounce Religion


You were on level 4 of the Spider Nest.
You worshipped Vehumet.
Vehumet was exalted by your worship.
You were hungry.

You visited 6 branches of the dungeon, and saw 31 of its levels.
You also visited: Labyrinth and Sewer.

You collected 3910 gold pieces.

Inventory:

Missiles
 e - 5 throwing nets (quivered) {!f}
Armour
 h - a +2 helmet of see invisible (worn)
 l - a +2 robe of magic resistance (worn)
 n - a +2 robe of the Archmagi
 A - a +2 cloak of invisibility (worn)
 B - a +2 pair of boots (worn)
 J - a +1 buckler of protection (worn)
 U - the +2 pair of gloves "Lewk" (worn) {rC+}
   (You found it on level 1 of the Lair of Beasts)

   It protects you from cold.
Magical Staves
 a - an uncursed staff of conjuration (weapon) {!a}
 H - an uncursed staff of earth
 S - an uncursed staff of energy
Jewellery
 d - an uncursed ring of resist corrosion
 k - the ring "Kublaah" (right hand) {Wiz rF+ rC+ MR-}
   (You found it on level 1 of the Elven Halls)

   [ring of wizardry]

   It improves your spell success rate.
   It protects you from fire.
   It protects you from cold.
   It affects your resistance to hostile enchantments.
 m - an uncursed ring of protection from cold
 u - a +5 ring of intelligence (left hand)
 E - an uncursed ring of protection from magic
 Y - an amulet of magic regeneration (around neck)
Wands
 o - a wand of digging (17/24)
 y - a wand of iceblast (0/15)
 F - a wand of acid (0/15)
 G - a wand of enslavement (15/24)
 K - a wand of disintegration (3/24)
Scrolls
 f - 11 scrolls of teleportation
 p - 8 scrolls of fear
 q - 10 scrolls of remove curse
 t - 4 scrolls of fog
 v - 4 scrolls of blinking
 I - a scroll of amnesia
 N - 6 scrolls of enchant armour
 V - 5 scrolls of magic mapping
 X - a scroll of recharging
Potions
 g - 11 potions of curing
 i - 7 potions of ambrosia
 r - 3 potions of cancellation
 s - 3 potions of resistance
 x - 14 potions of heal wounds
 z - 4 potions of flight
 L - 2 potions of invisibility
 O - 5 potions of agility
 P - 4 potions of brilliance
 R - 2 potions of magic
 T - 5 potions of haste
Miscellaneous
 b - a fan of gales
 w - a crystal ball of energy
 C - a phial of floods (inert)
 W - 2 sacks of spiders
Comestibles
 c - 15 bread rations
 j - 14 meat rations
 D - 17 fruits
 M - 2 beef jerkies
 Q - 3 chunks of flesh
 Z - 25 royal jellies


   Skills:
 - Level 15.0 Fighting
 - Level 4.0 Armour
 - Level 15.0 Dodging
 - Level 2.4 Stealth
 - Level 4.0 Shields
 - Level 20.0 Spellcasting
 - Level 15.0 Conjurations
 - Level 10.2 Charms
 - Level 4.8 Necromancy
 - Level 10.0 Air Magic
 + Level 10.3 Earth Magic
 - Level 7.0 Poison Magic
 - Level 6.0 Evocations


You had 3 spell levels left.
You knew the following spells:

 Your Spells              Type           Power        Failure   Level  Hunger
a - Magic Dart            Conj           ####         0%          1    None
c - Poison Arrow          Conj/Pois      ########..   1%          6    None
h - Bolt of Fire          Conj/Fire      ########..   1%          6    None
i - Iskenderun's Battles  Conj/Chrm      ########     1%          5    None
k - Lehudib's Crystal Sp  Conj/Erth      ########..   3%          8    ###....
l - Iskenderun's Mystic   Conj           ########     0%          4    None
m - Deflect Missiles      Chrm/Air       #######...   1%          6    None
n - Shatter               Erth           #######...   82%         9    #####..
o - Poisonous Cloud       Conj/Pois/Air  ########..   1%          5    None
y - Regeneration          Chrm/Necr      #######...   1%          3    None
B - Blink                 Tloc           N/A          1%          2    None


Dungeon Overview and Level Annotations

Branches:
Dungeon (15/15)            Temple (1/1) D:5            Lair (6/6) D:8
 Shoals (0/4) Lair:4       Spider (4/4) Lair:2        Slime (0/5) Lair:6
    Orc (2/2) D:11            Elf (3/3) Orc:2        Vaults (0/5) D:13
 Depths (0/5) D:15

Altars:
Ashenzari
Cheibriados
Dithmenos
Elyvilon
Fedhas
Gozag
Hepliaklqana
Kikubaaqudgha
Makhleb
Nemelex Xobeh
Okawaru
Qazlal
Ru
Sif Muna
Trog
Uskayaw
Vehumet
Xom
Yredelemnul
Zin
The Shining One
Beogh

Shops:
D:5 }   Orc:1 :   Orc:2 }=(}

Annotations:
Spider:3 exclusion: downstairs
Elf:2 3 runed doors, exclusion: 3 doors


Innate Abilities, Weirdness & Mutations

You are partially covered in icy blue scales. (AC +2)
You are partially covered in large bone plates. (SH +4)
You are agile. (Dex +2)
You possess an exceptional clarity of mind.
Your system is resistant to poisons. (rPois)
You are robust. (+10% HP)


Message History

You miscast Shatter.
You are contaminated with residual magic.
You are caught in an explosion of flying shrapnel!
The explosion engulfs you!
The explosion engulfs the emperor scorpion.
You are feeling hungry.
The moth of wrath's fur bristles in rage as it notices you.
The hornet buzzes angrily. x2; You hear an angry buzzing noise.
The emperor scorpion stings you!
The emperor scorpion completely misses you.
The emperor scorpion misses you. The ghost moth stares at you.
You feel your power leaking away.
An emperor scorpion and a spark wasp come into view.
Unknown command.
Save game and exit?
Welcome back, Duffy the Deep Elf Conjurer.
Vehumet says: Let it end in hellfire!
Press ? for a list of commands and other information.
Are you sure you want to abandon this character and quit the game? (Confirm with "yes".)

####~..~#### #.....#
.# ##...^# ##....##
.# ##~..~## ###^..#
.###^##..~##+# ##^.#
.''^.##.(.##.y #...#
%''..~~..~##.yy
#~.~### ^''..%...##
yy#####..~#
.###.....##
#'..##..~# .#
##~.^.~# #s@....^~#
.#
##.~..##..y##..~..##
## ###..##.. ####~.#
# ##^.~##s ##^## #
###..~### ##^.# #
##~~...##### ###...#
##....###.%.###.....#
#....~##.~~.##~^...##
#~...###.|~##.....~~#


You could see 2 emperor scorpions, a ghost moth (invisible), a spark wasp, a
moth of wrath and 3 hornets.

Vanquished Creatures
  Arachne (Spider:4)
  2 deep elf master archers (Elf:3)
  2 deep elf blademasters (Elf:3)
  The ghost of Jano the Acrobat, an adept MfMo of Hepliaklqana (Elf:2)
  4 deep elf sorcerers
  A frost giant (D:13)
  An orc warlord (Orc:2)
  Louise (Elf:1)
  4 ghost moths
  4 emperor scorpions
  The ghost of ThermosAquaticus the Carver, a journeyman FoFi of Lugonu (D:13)
  6 deep elf elementalists (Elf:3)
  Azrael (D:15)
  A dire elephant (D:15)
  8 entropy weavers
  3 deep elf demonologists (Elf:3)
  A spark wasp (Spider:3)
  11 deep elf annihilators (Elf:3)
  An ettin (D:13)
  8 deep elf death magi (Elf:3)
  A minotaur (Lab)
  2 deep elf high priests (Elf:3)
  Fannar (D:11)
  Harold (Lair:3)
  5 vault guards (D:13)
  Erica (D:11)
  9 hydras
  6 death yaks
  14 dancing weapons
  A queen ant (Lair:2)
  6 two-headed ogres
  An ogre mage (D:14)
  5 orc high priests (Orc:2)
  14 deep elf knights
  13 spriggans (Lair:6)
  4 unseen horrors
  4 skeletal warriors (D:14)
  A deep troll (shapeshifter) (Elf:1)
  16 deep elf archers
  7 orc knights (Orc:2)
  19 orb spiders
  An orb spider (shapeshifter) (D:15)
  An orange crystal statue (Elf:2)
  3 orc sorcerers
  56 deep elf magi
  10 ugly things
  38 wolf spiders
  A manticore (D:15)
  3 cyclopes
  A merfolk siren (Lair:4)
  5 moths of wrath
  5 elephants
  4 black mambas
  Psyche (D:11)
  2 black mambas (shapeshifter) (Elf:2)
  3 torpor snails
  4 spiny frogs
  5 gargoyles
  3 centaur skeletons
  2 efreet
  7 komodo dragons
  A kobold demonologist (D:15)
  A yaktaur (shapeshifter) (D:15)
  4 rime drakes
  12 demonic crawlers
  3 yaktaurs (D:15)
  8 trolls
  A meliai (shapeshifter) (Elf:2)
  3 merfolk (Lair:4)
  2 queen bees
  19 hornets
  32 jumping spiders
  A hornet (shapeshifter) (D:9)
  10 polar bears
  Prince Ribbit (D:6)
  6 meliai
  A minotaur skeleton (Lab)
  9 dream sheep
  4 slime creatures
  22 blink frogs
  10 hippogriffs
  A meliai zombie (D:13)
  68 redbacks
  3 air elementals (Elf:3)
  2 water elementals
  7 fire elementals
  2 shadows
  A human (D:13)
  40 yaks
  28 tarantellas
  4 wyverns
  5 basilisks
  2 vampire mosquitoes (D:14)
  Edmund (D:4)
  3 hungry ghosts
  A steam dragon (D:10)
  29 soldier ants
  10 wargs
  An acid dragon (D:15)
  A hell hound (shapeshifter) (Elf:1)
  Duvessa (D:5)
  3 hell hounds (D:15)
  13 water moccasins
  11 porcupines
  3 sky beasts
  59 orc warriors
  3 ice beasts
  2 phantoms
  3 eyes of draining
  8 ogres
  5 black bears
  4 boggarts (Lair:6)
  36 wolves
  7 centaurs
  19 crocodiles
  A big kobold (Sewer)
  A wyvern zombie (D:13)
  33 bullfrogs
  4 earth elementals
  2 wyvern skeletons
  Dowan (D:5)
  A water moccasin skeleton (D:9)
  3 scorpions
  45 killer bees
  An electric eel (Elf:3)
  8 crimson imps
  3 bullfrog zombies
  5 centaur zombies
  A quasit (D:12)
  5 hounds
  Crazy Yiuf (D:5)
  2 bullfrog skeletons
  45 orc priests
  4 jellies
  3 iguanas
  23 orc wizards
  Natasha (thrice) (D:2)
  30 worker ants
  2 hound skeletons
  A river rat (Sewer)
  17 adders
  3 shadow imps
  2 oozes
  An adder zombie (D:8)
  2 adder skeletons
  6 worms
  A dart slug (D:3)
  6 leopard geckos
  121 orcs
  10 giant cockroaches
  15 goblins
  8 hobgoblins
  9 jackals
  7 quokkas
  5 ball pythons
  8 bats
  A frilled lizard (D:4)
  A jackal zombie (D:5)
  13 kobolds
  A leopard gecko skeleton (D:4)
  A quokka skeleton (D:10)
  15 rats
1365 creatures vanquished.

Vanquished Creatures (others)
  A slime creature (D:15)
  A sky beast (D:15)
  4 fungi
6 creatures vanquished.

Grand Total: 1371 creatures vanquished

Notes
Turn   | Place    | Note
-------+----------+-------------------------------------------
     0 | D:1      | Duffy the Deep Elf Conjurer began the quest for the Orb.
     0 | D:1      | Reached XP level 1. HP: 10/10 MP: 6/6
   296 | D:1      | Reached XP level 2. HP: 15/15 MP: 6/8
  1082 | D:1      | Learned a level 2 spell: Searing Ray
  1178 | D:2      | Reached skill level 5 in Conjurations
  1183 | D:2      | Reached skill level 4 in Spellcasting
  1183 | D:2      | Reached XP level 3. HP: 19/19 MP: 4/10
  1370 | D:2      | Found a glowing silver altar of Zin.
  1557 | D:2      | Found a hazy altar of Hepliaklqana.
  1749 | D:2      | Reached XP level 4. HP: 24/24 MP: 8/12
  2054 | D:2      | Noticed Natasha
  2057 | D:2      | Killed Natasha
  2057 | D:2      | Reached skill level 5 in Spellcasting
  2406 | D:2      | Learned a level 4 spell: Iskenderun's Mystic Blast
  2498 | D:2      | Reached XP level 5. HP: 14/28 MP: 4/14
  2659 | D:2      | Learned a level 5 spell: Iskenderun's Battlesphere
  2710 | D:2      | Noticed Natasha
  2714 | D:2      | Killed Natasha
  2714 | D:2      | Reached skill level 6 in Conjurations
  2800 | D:2      | Noticed Natasha
  2805 | D:2      | Killed Natasha
  2805 | D:2      | Reached skill level 1 in Charms
  2886 | D:3      | Reached skill level 2 in Charms
  3039 | D:3      | Found a blossoming altar of Fedhas.
  3057 | D:3      | Reached XP level 6. HP: 32/32 MP: 11/16
  3064 | D:3      | Reached skill level 6 in Spellcasting
  3165 | D:3      | Found a glowing drain.
  3179 | Sewer    | Entered a sewer
  3477 | Sewer    | Reached skill level 3 in Charms
  4485 | D:4      | Reached skill level 7 in Conjurations
  4537 | D:4      | Reached skill level 7 in Spellcasting
  4537 | D:4      | Reached skill level 4 in Charms
  4537 | D:4      | Reached XP level 7. HP: 36/36 MP: 12/19
  5167 | D:5      | Entered Level 5 of the Dungeon
  5167 | D:5      | Noticed Duvessa
  5167 | D:5      | Noticed Dowan
  5167 | D:5      | Noticed Edmund
  5352 | D:4      | Killed Edmund
  5352 | D:4      | Reached skill level 8 in Spellcasting
  5742 | D:5      | Killed Duvessa
  5742 | D:5      | Reached skill level 8 in Conjurations
  5744 | D:5      | Killed Dowan
  5744 | D:5      | Reached XP level 8. HP: 41/41 MP: 11/22
  5973 | D:5      | Found Rottaka's Gadget Shop.
  5979 | D:5      | Reached skill level 9 in Spellcasting
  6312 | D:5      | Found a runed door.
  6588 | D:5      | Found a staircase to the Ecumenical Temple.
  6597 | Temple   | Entered the Ecumenical Temple
  6665 | Temple   | Became a worshipper of Vehumet
  6888 | D:5      | Noticed Crazy Yiuf
  6899 | D:5      | Killed Crazy Yiuf
  6899 | D:5      | Reached skill level 9 in Conjurations
  7184 | D:6      | Reached skill level 10 in Spellcasting
  7289 | D:6      | Found a glowing golden altar of the Shining One.
  7766 | D:6      | Reached XP level 9. HP: 42/45 MP: 16/25
  7934 | D:6      | Noticed Prince Ribbit
  7941 | D:6      | Killed Prince Ribbit
  7941 | D:6      | Reached skill level 11 in Spellcasting
  7941 | D:6      | Reached skill level 10 in Conjurations
  8004 | D:6      | Reached * piety under Vehumet
  8004 | D:6      | Offered knowledge of Shock by Vehumet.
  8811 | D:7      | Reached skill level 1 in Fighting
  8811 | D:7      | Reached skill level 3 in Dodging
  9166 | D:7      | Found a stormy altar of Qazlal.
  9170 | D:7      | Found a sparkling altar of Nemelex Xobeh.
  9170 | D:7      | Found a white marble altar of Elyvilon.
  9295 | D:8      | Reached skill level 2 in Fighting
  9295 | D:8      | Reached skill level 4 in Dodging
  9575 | D:8      | You fall through a shaft!
  9625 | D:10     | Entered Level 10 of the Dungeon
  9853 | D:9      | Reached skill level 5 in Dodging
  9860 | D:9      | Reached skill level 3 in Fighting
  9893 | D:9      | Offered knowledge of Throw Flame by Vehumet.
 10017 | D:9      | Gained mutation: Your mind is acute. (Int +2) [mutagenic meat]
 10018 | D:9      | Gained mutation: Your system is resistant to poisons. (rPois) [mutagenic meat]
 10019 | D:9      | Gained mutation: You are weak. (Str -2) [mutagenic meat]
 10020 | D:9      | Gained mutation: You are very weak. (Str -4) [mutagenic meat]
 10021 | D:9      | Gained mutation: You are robust. (+10% HP) [mutagenic meat]
 10053 | D:9      | Reached skill level 6 in Dodging
 10063 | D:9      | Reached ** piety under Vehumet
 10180 | D:8      | Found a staircase to the Lair.
 10180 | D:8      | Noticed an elephant
 10209 | D:8      | Killed an elephant
 10209 | D:8      | Reached skill level 4 in Fighting
 10209 | D:8      | Reached XP level 10. HP: 59/61 MP: 13/27
 10435 | D:9      | Noticed a gargoyle
 10510 | D:9      | Killed a gargoyle
 10510 | D:9      | Reached skill level 7 in Dodging
 10613 | D:9      | Noticed a two-headed ogre
 10624 | D:9      | Killed a two-headed ogre
 10767 | D:9      | Noticed a gargoyle
 10771 | D:9      | Reached skill level 5 in Fighting
 10778 | D:9      | Killed a gargoyle
 10778 | D:9      | Reached skill level 8 in Dodging
 11056 | D:8      | Found a bloodstained altar of Trog.
 11437 | D:9      | Reached skill level 9 in Dodging
 11507 | D:9      | Learned a level 3 spell: Regeneration
 11564 | D:10     | Reached skill level 1 in Shields
 11676 | D:9      | Reached skill level 2 in Shields
 11885 | D:10     | Reached skill level 3 in Shields
 12208 | D:10     | Offered knowledge of Throw Frost by Vehumet.
 12295 | D:10     | Reached skill level 4 in Shields
 12298 | D:10     | Reached XP level 11. HP: 70/70 MP: 17/28
 12436 | D:10     | Reached skill level 6 in Fighting
 12623 | D:10     | Noticed a two-headed ogre
 12634 | D:10     | Killed a two-headed ogre
 13178 | D:8      | Reached *** piety under Vehumet
 13240 | Lair:1   | Entered Level 1 of the Lair of Beasts
 13343 | Lair:1   | Reached skill level 10 in Dodging
 13544 | Lair:1   | Reached skill level 7 in Fighting
 13897 | Lair:1   | Offered knowledge of Airstrike by Vehumet.
 13954 | Lair:1   | Reached skill level 11 in Dodging
 14111 | Lair:1   | Reached skill level 8 in Fighting
 14756 | Lair:1   | Got a pair of heavily runed gloves
 14768 | Lair:1   | Identified the +2 pair of gloves "Lewk" {rC+} (You found it on level 1 of the Lair of Beasts)
 14921 | Lair:2   | Reached skill level 9 in Fighting
 15064 | Lair:2   | Reached **** piety under Vehumet
 15080 | Lair:2   | Reached XP level 12. HP: 83/83 MP: 5/29
 15320 | Lair:2   | Offered knowledge of Stone Arrow by Vehumet.
 15327 | Lair:2   | Reached skill level 10 in Fighting
 15617 | Lair:2   | Found a hole to the Spider Nest.
 16713 | Lair:3   | Reached skill level 1 in Evocations
 16723 | Lair:3   | Reached skill level 2 in Evocations
 16981 | Lair:3   | Reached skill level 3 in Evocations
 17099 | Lair:3   | Reached skill level 4 in Evocations
 17260 | Lair:3   | Reached skill level 5 in Evocations
 17583 | Lair:3   | Noticed Harold
 17591 | Lair:3   | Killed Harold
 17599 | Lair:3   | Reached skill level 6 in Evocations
 17973 | Lair:4   | Reached skill level 12 in Spellcasting
 18403 | Lair:4   | Found a staircase to the Shoals.
 18566 | Lair:4   | Reached skill level 11 in Conjurations
 19205 | Lair:5   | Got a pair of bloodstained boots
 19233 | Lair:4   | Identified the +0 pair of boots "Naloes" {Dex+4} (You found it on level 5 of the Lair of Beasts)
 19390 | Lair:5   | Reached XP level 13. HP: 85/92 MP: 11/31
 20154 | Lair:5   | Reached ***** piety under Vehumet
 20154 | Lair:5   | Reached skill level 13 in Spellcasting
 20157 | Lair:5   | Offered knowledge of Poison Arrow by Vehumet.
 20182 | Lair:5   | Learned a level 6 spell: Poison Arrow
 20424 | Lair:6   | Entered Level 6 of the Lair of Beasts
 20429 | Lair:6   | Reached skill level 1 in Poison Magic
 20640 | Lair:6   | Reached skill level 2 in Poison Magic
 20858 | Lair:5   | Reached skill level 3 in Poison Magic
 21076 | Lair:6   | Reached skill level 12 in Conjurations
 21317 | Lair:6   | Learned a level 2 spell: Repel Missiles
 21431 | Lair:6   | Reached skill level 4 in Poison Magic
 21580 | Lair:6   | Reached skill level 14 in Spellcasting
 21715 | Lair:6   | Reached skill level 5 in Poison Magic
 22132 | Lair:6   | Found a staircase to the Slime Pits.
 22318 | Lair:6   | Reached skill level 6 in Poison Magic
 22343 | Lair:6   | Offered knowledge of Yara's Violent Unravelling by Vehumet.
 22539 | Lair:6   | Reached skill level 13 in Conjurations
 22540 | Lair:6   | Reached XP level 14. HP: 93/96 MP: 17/34
 22975 | Lair:6   | Reached skill level 15 in Spellcasting
 23006 | Lair:6   | Reached skill level 7 in Poison Magic
 24106 | D:8      | Got an ichor-stained hunting sling
 24107 | D:8      | Identified the +5 hunting sling of Moogucw {flame, +Inv} (You found it on level 8 of the Dungeon)
 24348 | D:11     | Noticed Fannar
 24351 | D:11     | Killed Fannar
 24579 | D:11     | Reached skill level 1 in Air Magic
 24670 | D:11     | Reached skill level 2 in Air Magic
 24684 | D:11     | Gained mutation: You are partially covered in icy blue scales. (AC +2) [mutagenic meat]
 24686 | D:11     | Gained mutation: You are partially covered in large bone plates. (SH +4) [mutagenic meat]
 24687 | D:11     | Lost mutation: Your mind is acute. (Int +2) [mutagenic meat]
 24707 | D:11     | Noticed Erica
 24712 | D:11     | Killed Erica
 24949 | D:11     | Found a staircase to the Orcish Mines.
 24954 | D:11     | Reached skill level 1 in Necromancy
 25003 | D:11     | Reached skill level 2 in Necromancy
 25173 | D:11     | Found a roughly hewn altar of Beogh.
 25219 | D:11     | Noticed Psyche
 25224 | D:11     | Killed Psyche
 25276 | D:11     | Reached skill level 3 in Necromancy
 25497 | Orc:1    | Entered Level 1 of the Orcish Mines
 25641 | Orc:1    | Found Deom Jelypp's Book Shop.
 25666 | Orc:1    | Offered knowledge of Conjure Ball Lightning by Vehumet.
 25770 | Orc:1    | Found a roughly hewn altar of Beogh.
 25883 | Orc:2    | Entered Level 2 of the Orcish Mines
 25981 | Orc:2    | Noticed an orc warlord
 25986 | Orc:2    | Killed an orc warlord
 25986 | Orc:2    | Reached skill level 4 in Necromancy
 26108 | Orc:2    | Found a staircase to the Elven Halls.
 27299 | Orc:2    | Reached skill level 16 in Spellcasting
 27507 | Orc:2    | Reached skill level 14 in Conjurations
 27712 | Orc:2    | Offered knowledge of Fireball by Vehumet.
 28161 | Orc:2    | Found Cemyrph's Gadget Emporium.
 28161 | Orc:2    | Found Butiwone's Weapon Emporium.
 28162 | Orc:2    | Found Yruufino's Jewellery Shoppe.
 28162 | Orc:2    | Found Ruowatus's Gadget Emporium.
 29398 | D:12     | Found a roughly hewn altar of Beogh.
 29517 | D:12     | Found a deep blue altar of Sif Muna.
 29558 | D:13     | Reached skill level 17 in Spellcasting
 29558 | D:13     | Reached XP level 15. HP: 102/102 MP: 36/38
 29579 | D:13     | Found a labyrinth entrance.
 29586 | D:13     | Noticed ThermosAquaticus's ghost (journeyman FoFi)
 29592 | Lab      | Entered a labyrinth
 29637 | Lab      | Reached XP level 16. HP: 108/108 MP: 31/39
 29842 | Lab      | Reached skill level 18 in Spellcasting
 30533 | Lab      | Identified a +3 rod of clouds (13/13) (You found it in a labyrinth)
 30535 | Lab      | Identified a +4 rod of inaccuracy (14/14) (You took it off a minotaur in a labyrinth)
 30571 | D:13     | Killed ThermosAquaticus's ghost
 30622 | D:12     | Learned a level 2 spell: Blink
 30665 | D:13     | Reached skill level 15 in Conjurations
 30736 | D:12     | Learned a level 6 spell: Deflect Missiles
 30847 | D:13     | Reached skill level 3 in Air Magic
 30927 | D:13     | Got a diamond-encrusted ring mail
 30938 | D:13     | Identified the cursed +1 ring mail "Buukyle" {MR+ Int+6} (You found it on level 13 of the Dungeon)
 31002 | D:13     | Offered knowledge of Bolt of Fire by Vehumet.
 31046 | D:13     | Learned a level 6 spell: Bolt of Fire
 31060 | D:13     | Reached skill level 5 in Charms
 31235 | D:13     | Reached skill level 4 in Air Magic
 31482 | D:13     | Reached skill level 6 in Charms
 31546 | D:13     | Gained mutation: You are agile. (Dex +2) [mutagenic meat]
 31548 | D:13     | Lost mutation: You are very weak. (Str -4) [mutagenic meat]
 31549 | D:13     | Gained mutation: You possess an exceptional clarity of mind. [mutagenic meat]
 31663 | D:13     | Reached skill level 7 in Charms
 31700 | D:13     | Reached skill level 5 in Air Magic
 31821 | D:13     | Found a gate to the Vaults.
 31827 | D:13     | Reached skill level 6 in Air Magic
 32346 | D:14     | Reached skill level 7 in Air Magic
 32663 | D:14     | Reached ****** piety under Vehumet
 32663 | D:14     | Offered knowledge of Delayed Fireball by Vehumet.
 32681 | D:14     | Reached skill level 8 in Charms
 33085 | D:15     | Entered Level 15 of the Dungeon
 33201 | D:15     | Reached skill level 8 in Air Magic
 33256 | D:15     | Lost mutation: You are weak. (Str -2) [mutagenic meat]
 33284 | D:15     | Reached skill level 9 in Charms
 33946 | D:15     | Noticed Azrael
 33959 | D:15     | Killed Azrael
 33959 | D:15     | Reached skill level 10 in Charms
 34338 | D:15     | Found a sparkling altar of Nemelex Xobeh.
 34367 | D:15     | Found a roughly hewn altar of Beogh.
 34425 | D:15     | Found a staircase to the Depths.
 34478 | D:15     | Reached skill level 9 in Air Magic
 34911 | Elf:1    | Entered Level 1 of the Elven Halls
 35037 | Elf:1    | Reached skill level 10 in Air Magic
 35230 | Elf:1    | Offered knowledge of Ozocubu's Refrigeration by Vehumet.
 35246 | Elf:1    | Reached skill level 11 in Fighting
 35342 | Elf:1    | Reached XP level 17. HP: 114/114 MP: 27/41
 35927 | Elf:1    | Got a wavering brass ring
 35966 | Elf:1    | Identified the ring "Kublaah" {Wiz rF+ rC+ MR-} (You found it on level 1 of the Elven Halls)
 36013 | Elf:1    | Reached skill level 12 in Fighting
 36188 | Elf:1    | Noticed Louise
 36200 | Elf:1    | Killed Louise
 36435 | Elf:1    | Identified the Incunabulum of Creative Blows and Bruises
 37072 | Elf:2    | Found a runed gate.
 37072 | Elf:2    | Found a runed gate.
 37072 | Elf:2    | Found a runed gate.
 37095 | Elf:2    | Noticed Jano's ghost (adept MfMo)
 37122 | Elf:2    | Killed Jano's ghost
 37197 | Elf:2    | Reached skill level 13 in Fighting
 38401 | Spider:1 | Entered Level 1 of the Spider Nest
 38403 | Spider:1 | Offered knowledge of Lehudib's Crystal Spear by Vehumet.
 38403 | Spider:1 | Offered knowledge of Shatter by Vehumet.
 38403 | Spider:1 | Offered knowledge of Chain Lightning by Vehumet.
 38910 | Lair:2   | Reached skill level 14 in Fighting
 40065 | Spider:1 | Reached skill level 12 in Dodging
 40196 | Spider:2 | Reached XP level 18. HP: 103/128 MP: 25/42
 41157 | Spider:2 | Reached skill level 13 in Dodging
 41925 | Spider:3 | Reached skill level 15 in Fighting
 42372 | Spider:3 | Reached skill level 14 in Dodging
 42885 | Spider:4 | Entered Level 4 of the Spider Nest
 43097 | Spider:4 | Reached skill level 15 in Dodging
 43146 | Spider:4 | Reached skill level 1 in Armour
 43229 | Spider:4 | Reached skill level 2 in Armour
 43355 | Spider:4 | Reached skill level 3 in Armour
 43777 | Spider:4 | Reached skill level 4 in Armour
 44081 | Elf:1    | Learned a level 5 spell: Poisonous Cloud
 44500 | Elf:3    | Entered Level 3 of the Elven Halls
 44567 | Elf:3    | Learned a level 8 spell: Lehudib's Crystal Spear
 44871 | Elf:3    | Reached skill level 1 in Earth Magic
 45049 | Elf:3    | Reached skill level 2 in Earth Magic
 45394 | Elf:3    | Reached skill level 3 in Earth Magic
 45535 | Elf:3    | Reached skill level 4 in Earth Magic
 45699 | Elf:3    | Reached XP level 19. HP: 131/136 MP: 29/43
 45763 | Elf:3    | Reached skill level 5 in Earth Magic
 46192 | Elf:3    | Reached skill level 19 in Spellcasting
 46206 | Elf:3    | Got a glittering steel ring
 46215 | Elf:3    | Reached skill level 6 in Earth Magic
 46305 | Elf:3    | Identified the ring "Ujolep" {rN+ Str+3 Int+3} (You took it off a deep elf annihilator on level 3 of the Elven Halls)
 46499 | Elf:3    | Identified the Almanac of Frigorific Necromancy
 46542 | Elf:3    | Reached skill level 7 in Earth Magic
 46815 | Elf:3    | Identified the ring of Sakhliu {Ice rPois} (You found it on level 3 of the Elven Halls)
 46974 | Elf:3    | Reached skill level 8 in Earth Magic
 47049 | Elf:3    | Identified a scroll of acquirement
 47050 | Elf:3    | Got a pair of warped boots
 47062 | Elf:3    | Identified the +1 pair of boots of Xicees {rC- rCorr Int+2 Stlth+} (You acquired it on level 3 of the Elven Halls)
 47137 | Elf:3    | Got a coiled copper ring
 47141 | Elf:3    | Identified the ring of Lecixar {rPois rF- Int+2 Stlth+} (You took it off a deep elf elementalist on level 3 of the Elven Halls)
 47575 | Elf:1    | Reached skill level 20 in Spellcasting
 47945 | Spider:4 | Reached skill level 9 in Earth Magic
 48338 | Spider:4 | Noticed Arachne
 48352 | Spider:4 | Killed Arachne
 48352 | Spider:4 | Reached skill level 10 in Earth Magic
 48627 | Spider:4 | Learned a level 9 spell: Shatter
 48631 | Spider:4 | Quit the game

Vault maps used:
D:1:      minmay_arrival_wavy_path
D:2:      lemuel_doored_altar, overflow_temple_1_default, uniq_natasha
D:3:      gup_sewer_entry_bubbles, fedhas_altar_2
D:5:      first_bread, serial_shops, shop, uniq_crazy_yiuf_cottage,
          uniq_duvessa, uniq_edmund
D:6:      tso_metal_star, uniq_prince_ribbit1
D:7:      minitemple
D:8:      david_lair_generic, basic_altar, david_nohive_1
D:9:      minmay_diamond_spiral
D:10:     bh_walls_and_bars
D:11:     minmay_orc_entry_temple_small, uniq_fannar, uniq_psyche, uniq_erica
D:12:     special_room, lemuel_blue_sif_altar
D:13:     grunt_vaults_entry_fortified, lab_entry_generic,
          hangedman_decor_riveting, minmay_checkered_concentric_circles
D:14:     corexii_leaking_fountain
D:15:     hangedman_depths_entry_try_elsewhere_first, special_room,
          roderic_st_hans_cross, nemelex_xobeh_ov_fountains_minmay, uniq_azrael
Temple:   eino_wide_crystal_templ
Lair:1:   beast_lair_carwin_large_2
Lair:2:   spider_nest_entry_webs, beast_lair_carwin_4
Lair:3:   grunt_megastairs_1, uniq_harold
Lair:4:   elwin_shoals_entry_stream, lemuel_fruit_tree,
          infiniplex_staircase_pool
Lair:5:   serial_bayou_shore_a
Lair:6:   minmay_lair_end_enchanted_forest, slime_dummy, st_stairs_12,
          minmay_hedge_maze
Spider:1: minivault_29
Spider:2: special_room
Spider:3: nicolae_spider_shape
Spider:4: spider_rune_water, nicolae_spider_cling_ruins, uniq_arachne
Orc:1:    serial_shops, nicolae_shop_trees, basic_altar
Orc:2:    st_orc_pillars, mines5_lemuel
Elf:1:    serial_sigils, serial_sigils_hangedman_shear,
          serial_sigils_hangedman_scratch, serial_sigils_hangedman_writhe,
          serial_sigils_hangedman_snap, minmay_elf_sorcery, uniq_louise
Elf:2:    nrook_loot_triangle, minivault_16, minivault_4
Elf:3:    grunt_elf_hall_branching
Lab:      nicolae_lab_plus, lab_fountain, labyrinth_skeletal_remains, lab_block,
          nicolae_lab_dead_end, nicolae_lab_swirl, nicolae_lab_blocks,
          nicolae_lab_statue
Sewer:    sewer_co_15_rooms

Skill      XL: |  1  2  3  4  5  6  7  8  9 10 11 12 13 14 15 16 17 18 19 |
---------------+----------------------------------------------------------+-----
Conjurations   | 5 6 7 8 9 10 11 13 14 15 | 15.0
Spellcasting   | 4 5 7 8 10 11 12 14 17 18 20 | 20.0
Charms         | 2 4 10 | 10.2
Fighting       | 4 5 9 10 11 14 15 | 15.0
Dodging        | 6 9 11 12 15 | 15.0
Shields        | 4 |  4.0
Evocations     | 6 |  6.0
Poison Magic   | 6 7 |  7.0
Air Magic      | 2 10 | 10.0
Necromancy     | 4 |  4.8
Armour         | 4 |  4.0
Earth Magic    | 4 10 | 10.3
Stealth        | |  2.4

Action                   |  1- 3 |  4- 6 |  7- 9 | 10-12 | 13-15 | 16-18 | 19-21 || total
-------------------------+-------+-------+-------+-------+-------+-------+-------++-------
Melee: Flail             |       |       |       |     7 |     6 |       |       ||    13
       Scimitar          |       |       |       |       |       |    16 |       ||    16
       Staff             |       |       |       |       |       |       |     1 ||     1
 Cast: Magic Dart        |    55 |   133 |   175 |   334 |   510 |   301 |       ||  1508
       Searing Ray       |     5 |    16 |    24 |    15 |     2 |       |       ||    62
       Iskenderun's Batt |       |       |    20 |    95 |   153 |   139 |     3 ||   410
       Iskenderun's Myst |       |       |    18 |    79 |   113 |   156 |     4 ||   370
       Poison Arrow      |       |       |       |       |    93 |   327 |   104 ||   524
       Repel Missiles    |       |       |       |       |     2 |     1 |       ||     3
       Bolt of Fire      |       |       |       |       |       |   110 |    23 ||   133
       Deflect Missiles  |       |       |       |       |       |     2 |       ||     2
       Blink             |       |       |       |       |       |    19 |       ||    19
       Regeneration      |       |       |       |       |       |     6 |       ||     6
       Poisonous Cloud   |       |       |       |       |       |     2 |     2 ||     4
Evoke: Wand              |       |       |       |     2 |       |     7 |    14 ||    23
       Phial of floods   |       |       |       |       |       |       |     1 ||     1
       Sack of spiders   |       |       |       |       |       |       |     1 ||     1
  Use: Scroll            |       |       |    16 |     4 |     7 |    16 |     9 ||    52
       Potion            |       |       |       |       |     1 |     1 |     2 ||     4
  Eat: Chunk             |     2 |     9 |    25 |    36 |    50 |    48 |     7 ||   177
       Beef jerky        |       |       |     1 |       |       |     5 |     1 ||     7
       Pizza             |       |       |       |       |     2 |     3 |       ||     5
Armor: Ring mail         |     2 |     9 |    18 |       |       |       |       ||    29
       Robe              |       |       |     2 |    26 |    34 |   113 |    13 ||   188
Dodge: Dodged            |     4 |    16 |    43 |   106 |   163 |   368 |    54 ||   754
       Deflected         |       |       |       |       |     4 |    25 |     6 ||    35
Block: Buckler           |       |       |       |    32 |    87 |   216 |    31 ||   366
       Rpst.: Scimitar   |       |       |       |       |     7 |    61 |       ||    68
